Map: Dusk Towers

Players

Miszu - Winner!

  • Race: Terran Terran
  • League: Master

IMashBuddenz

  • Race: Terran Terran
  • League: Master

VOD

Have the link to the VOD?

Description

Time

  • Played on: July 6, 2016, 8:51 p.m.
  • Length: 4:24
Show
View Real Time Build Order
Export as new Build Order

Miszu Terran - Winner!

Build Orders:  

Get SALT Encoding   

  12  0:01  SCV  
  13  0:13  SCV  
  14  0:17  Supply Depot  
  14  0:25  SCV  
  15  0:39  SCV  
  15  0:40  Barracks  
  16  0:43  Refinery  
  16  0:51  SCV  
  17  1:00  Barracks  
  17  1:03  SCV  
  18  1:15  SCV  
  19  1:27  Orbital Command  
  19  1:28  Reaper  
  19  1:32  Supply Depot  
  20  1:47  Reaper  
  21  1:53  SCV  
  22  2:08  Reaper  
  22  2:10  SCV  
  22  2:12  Command Center  
  24  2:16  Refinery  
  24  2:20  Reaper  
  24  2:22  SCV  
  26  2:29  Supply Depot  
  26  2:34  SCV  
  27  2:40  Barracks  
  27  2:46  Reaper, SCV  
  29  2:59  SCV  
  30  3:09  Factory  
  30  3:10  Barracks Tech Lab  
  30  3:11  SCV  
  31  3:22  Barracks Reactor  
  31  3:23  SCV  
  31  3:25  SCV  
  32  3:53  SCV  
  33  3:57  Starport  
  33  3:58  Marine x3  
  36  4:08  SCV  
  39  4:20  Factory Reactor  
Show
View Real Time Build Order
Export as new Build Order

IMashBuddenz Terran 

Build Orders:  

Get SALT Encoding   

  12  0:01  SCV  
  13  0:13  SCV  
  14  0:17  Supply Depot  
  14  0:25  SCV  
  15  0:39  SCV  
  15  0:41  Barracks  
  16  0:44  Refinery  
  16  0:51  SCV  
  17  1:03  SCV  
  18  1:15  SCV  
  19  1:27  SCV  
  20  1:35  Reaper  
  20  1:38  Command Center  
  21  1:46  Orbital Command  
  21  1:53  Supply Depot  
  20  2:09  Marine  
  20  2:12  SCV  
  20  2:13  Factory  
  22  2:24  SCV  
  22  2:26  Marine  
  22  2:27  Refinery  
  24  2:37  SCV  
  25  2:46  Marine  
  25  2:49  SCV  
  27  2:51  Orbital Command  
  27  2:59  Starport, Factory Tech Lab  
  27  3:02  SCV  
  27  3:04  Barracks Reactor  
  27  3:15  Marine  
  27  3:18  Hellion  
  27  3:19  SCV  
  31  3:20  SCV  
  31  3:22  Supply Depot  
  29  3:39  Cyclone  
  28  3:51  Marine  
  28  3:52  Viking  
  28  3:54  SCV  
Tags
 
Matchup
TvT
Player
Miszu
Race
Terran
Add a new tag
Caveats
  • Supply blocks, unpowered buildings, or Contaminate may cause inaccurate times.
  • Supply counts are checked every 10 seconds.